 Dungeon Crawl Stone Soup version 0.30-a0-618-gd6c86c23d0 (webtiles) character file.

Game seed: 14026974133421175169

3082 Leeroy the Unseen (level 10, 0/50 HPs)
             Began as a Kobold Enchanter on Jan 9, 2023.
             Slain by an orc warrior
             ... wielding a +1 scimitar of holy wrath
              (8 damage)
             ... on level 7 of the Dungeon.
             The game lasted 00:13:25 (8132 turns).

Leeroy the Unseen (Kobold Enchanter)                Turns: 8132, Time: 00:13:25

Health: 0/50       AC:  4    Str:  5    XL:     10   Next: 12%
Magic:  22/22      EV: 19    Int: 18    God:
Gold:   461        SH:  5    Dex: 19    Spells: 5/13 levels left

rFire   . . .      SeeInvis .    I - +1 dagger (flame)
rCold   . . .      Faith    .    (no shield)
rNeg    . . .      Spirit   .    b - +0 robe
rPois   .          Reflect  +    (no helmet)
rElec   .          Harm     .    (no cloak)
rCorr   .          Rampage  .    e - +0 pair of gloves
Will    .....                    j - +0 pair of boots
Stlth   +++++++                  q - amulet of reflection
HPRegen 0.28/turn                k - ring of magical power
MPRegen 0.18/turn                (no ring)

@: no status effects
A: small, no large weapons, nightstalker 3
a: no special abilities


You were on level 7 of the Dungeon.
You visited 1 branch of the dungeon, and saw 8 of its levels.

You collected 461 gold pieces.

Inventory:

Hand Weapons
 a - a +1 dagger
 d - the +5 scimitar of the Illusory Bones {spect, rPois rF- rN++ rCorr}
   (You found it on level 7 of the Dungeon)

   rF:        It makes you vulnerable to fire.
   rPois:     It protects you from poison.
   rN:        It greatly protects you from negative energy.
   rCorr:     It protects you from acid and corrosion.
 u - a +0 rapier
 w - a +0 vampiric dagger
 I - a +1 dagger of flaming (weapon)
Missiles
 p - 11 poisoned darts (quivered)
Armour
 b - a +0 robe (worn)
 e - a +0 pair of gloves (worn)
 j - a +0 pair of boots (worn)
Jewellery
 k - a ring of magical power (left hand)
 q - an amulet of reflection (around neck)
 C - an amulet of reflection
Wands
 l - a wand of roots (15)
 y - a wand of charming (11)
 E - a wand of quicksilver (17)
 G - a wand of mindburst (3)
 H - a wand of flame (17)
Scrolls
 g - 7 scrolls of identify {unknown}
 m - a scroll of poison {unknown}
 o - 2 scrolls of fear {unknown}
 r - a scroll of noise {unknown}
 t - a scroll of brand weapon {unknown}
 v - a scroll of amnesia {unknown}
 x - a scroll of magic mapping {unknown}
 A - 3 scrolls of teleportation {unknown}
 D - 2 scrolls of enchant armour {unknown}
Potions
 c - a potion of cancellation
 f - a potion of experience {unknown}
 h - a potion of degeneration {unknown}
 i - 3 potions of curing {unknown}
 n - a potion of might
 s - a potion of mutation {unknown}
 z - 2 potions of brilliance {unknown}
 B - a potion of flight {unknown}
 F - a potion of ambrosia {unknown}


   Skills:
 - Level 1.7 Short Blades
 - Level 7.2 Dodging
 - Level 16.2 Stealth
 - Level 2.1 Spellcasting
 - Level 1.1 Conjurations
 + Level 4.3 Hexes
 - Level 2.0 Ice Magic


You had 5 spell levels left.
You knew the following spells:

 Your Spells              Type           Power      Damage    Failure   Level
a - Ensorcelled Hibernat  Hex/Ice        26%        N/A       8%          2
b - Confusing Touch       Hex            17%        N/A       9%          3
c - Dazzling Flash        Conj/Hex       22%        N/A       17%         3

Your spell library contained the following spells:

 Spells                   Type           Power      Damage    Failure   Level
 Tukima's Dance           Hex            17%        N/A       9%          3
 Cigotuvi's Dreadful Rot  Necr/Pois/Air  2%         N/A       26%         2
 Poisonous Vapours        Pois/Air       2%         N/A       26%         2
 Mephitic Cloud           Conj/Pois/Air  3%         N/A       41%         3


Dungeon Overview and Level Annotations

Branches:
Dungeon (8/15)
 Temple: D:4-7         Lair: D:8-11

Altars:
Ashenzari
Cheibriados
Gozag
Makhleb
Qazlal
Sif Muna
Vehumet
Xom


Innate Abilities, Weirdness & Mutations

You are small and have problems with some larger weapons.
You are completely attuned to the shadows.


Message History

You hit the orc. You burn the orc.
The orc is heavily wounded.
You hit the orc. You burn the orc.
You kill the orc!
Things that are here:
a +0 club; an orc corpse
There is an escape hatch in the ceiling here.
Found 28 gold pieces.
A two-headed ogre comes into view.
It is wielding a +0 giant club and a +0 giant spiked club.
The helpless orc fails to defend itself.
You spit the orc like a pig!!!! You burn the orc.
You kill the orc!
You see here a +0 morningstar.
An orc comes into view. It is wielding a +0 short sword.
The two-headed ogre shouts in stereo!
The orc shouts!
You hear a howl!
You hear an angry hiss.
You hear a shout! x2
You barely miss the two-headed ogre.
The orc warrior attacks as you move away!
The orc warrior hits you with a +1 scimitar of holy wrath!
The orc warrior attacks as you move away!
The orc warrior misses you.
There is an escape hatch in the ceiling here.
Okay, then.
The orc warrior misses you.
The two-headed ogre hits you with a +0 giant club.
The two-headed ogre misses you. A mysterious force pulls you upwards.
The hatch slams shut behind you. The orc warrior closely misses you.
The two-headed ogre barely misses you.
The two-headed ogre completely misses you.
The orc warrior attacks as you move away!
The orc warrior hits you with a +1 scimitar of holy wrath.
The two-headed ogre attacks as you move away!
The two-headed ogre hits you with a +0 giant club!!
* * * LOW HITPOINT WARNING * * *
You block the two-headed ogre's attack.
The orc warrior attacks as you move away!
You block the orc warrior's attack.
The orc warrior attacks as you move away!
The orc warrior hits you with a +1 scimitar of holy wrath!
You die...

#.# #......#......####
#.########......#..........
#......).)......#......####
##########.....#####.###
#...##### #.# #.#.....# #.#
#<..[...# #.#
############O.....# #.#
#..........@o..#### #.#
#.############## #.# #.#
#.# #.# #.# #.# #.#
##.######### #.#
#..#.......# #.#
##.#.#####.# #.# #.#.# #.#
#.#


You could see a two-headed ogre and an orc warrior.

Vanquished Creatures
  A gargoyle (D:7)
  Sigmund (D:2)
  A wyvern (D:7)
  Edmund (D:4)
  Duvessa (D:4)
  An orc warrior (D:4)
  2 black bears
  2 ogres
  3 phantoms
  3 kobold brigands
  A necrophage (D:5)
  A gnoll sergeant (D:7)
  2 scorpions
  5 wights
  Dowan (D:4)
  4 hounds
  4 orc priests
  A jelly (D:5)
  Jessica (D:3)
  An iguana (D:7)
  Terence (D:2)
  An orc wizard (D:4)
  Natasha (D:3)
  9 gnolls
  8 adders
  14 river rats (D:5)
  A white imp (D:6)
  An ufetubus (D:7)
  A worm (D:3)
  4 dart slugs
  30 orcs
  2 endoplasms
  3 giant cockroaches
  7 goblins
  4 hobgoblins
  8 kobolds
  7 quokkas
  6 ball pythons
  5 bats
  3 frilled lizards
  24 rats
177 creatures vanquished.

Vanquished Creatures (others)
  Natasha (D:3)
  2 plants (D:2)
3 creatures vanquished.

Grand Total: 180 creatures vanquished

Notes
Turn   | Place    | Note
-------+----------+-------------------------------------------
     0 | D:1      | Leeroy the Kobold Enchanter began the quest for the Orb.
     0 | D:1      | Reached XP level 1. HP: 10/10 MP: 3/3
   340 | D:1      | Reached XP level 2. HP: 14/15 MP: 5/5
   480 | D:1      | Reached skill level 5 in Stealth
   744 | D:2      | Reached XP level 3. HP: 14/19 MP: 6/6
   923 | D:2      | Noticed Sigmund
   926 | D:2      | Killed Sigmund
   927 | D:2      | Reached skill level 8 in Stealth
   927 | D:2      | Reached XP level 4. HP: 24/24 MP: 7/7
   927 | D:2      | Reached XP level 5. HP: 28/28 MP: 8/8
   927 | D:2      | Reached XP level 6. HP: 32/32 MP: 9/9
   930 | D:2      | Learned a level 2 spell: Ensorcelled Hibernation
   934 | D:2      | Learned a level 3 spell: Confusing Touch
   938 | D:2      | Learned a level 3 spell: Dazzling Flash
   948 | D:2      | Reached skill level 9 in Stealth
  1328 | D:2      | Noticed Terence
  1332 | D:2      | Killed Terence
  2140 | D:3      | Noticed an ogre
  2144 | D:3      | Killed an ogre
  2145 | D:3      | Reached skill level 10 in Stealth
  2222 | D:3      | Found a broken altar of Ashenzari.
  2305 | D:3      | Noticed Natasha
  2306 | D:3      | Noticed Jessica
  2309 | D:3      | Killed Natasha
  2310 | D:3      | Reached XP level 7. HP: 36/36 MP: 10/10
  2313 | D:3      | Killed Jessica
  2482 | D:3      | Found a shimmering altar of Xom.
  2482 | D:3      | Found a shimmering altar of Xom.
  2482 | D:3      | Found a shimmering altar of Xom.
  2483 | D:3      | Found a shimmering altar of Xom.
  2659 | D:3      | Noticed Natasha
  2678 | D:3      | HP: 1/36 [Natasha/magic dart (10)]
  2685 | D:3      | Killed Natasha
  2892 | D:4      | Reached skill level 11 in Stealth
  3036 | D:4      | Noticed Edmund
  3040 | D:4      | Killed Edmund
  3041 | D:4      | Reached skill level 1 in Ice Magic
  3056 | D:5      | Entered Level 5 of the Dungeon
  3228 | D:5      | Reached skill level 12 in Stealth
  3228 | D:5      | Reached XP level 8. HP: 41/41 MP: 11/11
  3506 | D:4      | Noticed Duvessa
  3509 | D:4      | Noticed Dowan
  3510 | D:4      | Killed Duvessa
  3526 | D:4      | Killed Dowan
  3527 | D:4      | Reached skill level 1 in Conjurations
  3613 | D:4      | Reached skill level 13 in Stealth
  3875 | D:4      | Found a snail-covered altar of Cheibriados.
  4579 | D:5      | HP: 1/41 [river rat (8)]
  4583 | D:5      | Reached skill level 14 in Stealth
  4999 | D:5      | Reached XP level 9. HP: 45/45 MP: 12/12
  5250 | D:5      | Found a stormy altar of Qazlal.
  5418 | D:5      | Reached skill level 15 in Stealth
  5781 | D:5      | Found a shimmering blue altar of Sif Muna.
  6049 | D:6      | Found a radiant altar of Vehumet.
  6063 | D:6      | Reached skill level 16 in Stealth
  6184 | D:7      | Found a burning altar of Makhleb.
  7247 | D:7      | Reached skill level 5 in Dodging
  7321 | D:7      | Noticed a gargoyle
  7324 | D:7      | Killed a gargoyle
  7344 | D:7      | Identified the +5 scimitar of the Illusory Bones {spect,
                  | rPois rF- rN++ rCorr}
  7378 | D:7      | Reached XP level 10. HP: 46/50 MP: 13/13
  7597 | D:7      | Found an opulent altar of Gozag.
  8115 | D:8      | Noticed a two-headed ogre
  8132 | D:7      | Slain by an orc warrior

Illustrated notes

Levels and vault maps discovered:
D:1:      lemuel_arrival_hallway, layout_basic, corexii_leaking_fountain,
          kennysheep_boxes
D:2:      layout_basic, serial_forest, infiniplex_forest_zigzag_1,
          infiniplex_forest_end_3, infiniplex_forest_3_way,
          infiniplex_forest_lined_3, infiniplex_forest_end_2, uniq_terence,
          uniq_sigmund
D:3:      layout_rooms, xom_redecorated, mainiacjoe_overflow_small_starburst,
          uniq_jessica, uniq_natasha
D:4:      layout_loops_ring, kennysheep_slug_shrine, guppyfry_early_orc_mine,
          uniq_duvessa, uniq_edmund
D:5:      lemuel_ratsnest, layout_basic, nicolae_qazlal_style_of_elements,
          lemuel_tele_altar
D:6:      layout_cave_pools, vehumet_altar_wand_db, okawaru_trees_2,
          amcnicky_altar_gilded, minmay_temple_entry_statues_fountains
D:7:      layout_basic, mainiacjoe_overflow_catwalk,
          mainiacjoe_overflow_boulevard
D:8:      layout_basic, nicolae_ru_path_of_blood

Skill      XL: |  1  2  3  4  5  6  7  8  9 10 |
---------------+-------------------------------+-----
Stealth        | 5 8 10 12 14 16 | 16.2
Ice Magic      | 1 2 |  2.0
Conjurations   | 1 |  1.1
Dodging        | 6 7 |  7.2
Hexes          | 4 |  4.3
Short Blades   | |  1.7
Spellcasting   | |  2.1

Action                   |  1- 3 |  4- 6 |  7- 9 | 10-12 || total
-------------------------+-------+-------+-------+-------++-------
Melee: Dagger            |    46 |    39 |   369 |    21 ||   475
       Punch             |     1 |       |     2 |       ||     3
       Scimitar          |       |       |     1 |       ||     1
Throw: Dart              |       |       |     1 |       ||     1
 Cast: Ensorcelled Hiber |       |     5 |   102 |     3 ||   110
       Confusing Touch   |       |       |     7 |       ||     7
       Dazzling Flash    |       |       |     2 |       ||     2
  Use: Potion            |       |       |     8 |       ||     8
 Stab: Sleeping          |    13 |    18 |    93 |     6 ||   130
       Distracted        |       |     1 |       |       ||     1
       Invisible         |       |       |    10 |       ||    10
       Confused          |       |       |     3 |       ||     3
Armor: Robe              |     3 |     4 |    41 |       ||    48
Dodge: Dodged            |    41 |    20 |   311 |    21 ||   393
Block: Other             |       |       |    43 |     3 ||    46
       Reflection        |       |       |     3 |       ||     3

Table legend: (Time is in decaauts)
 A = Elapsed time spent in this place.
 B = Non-inter-level travel time spent in this place.
 C = Inter-level travel time spent in this place.
 D = Time resting spent in this place.
 E = Time spent auto-exploring this place.
 F = Levels seen in this place.
 G = Mean time per level.
                   A        B        C        D        E       F      G
               +--------+--------+--------+--------+--------+-----+--------+
         Total |   8119 |   7885 |    234 |    915 |   5435 |   8 | 1014.9 |
       Dungeon |   8119 |   7885 |    234 |    915 |   5435 |   8 | 1014.9 |
               +--------+--------+--------+--------+--------+-----+--------+

Top non-repeatable levels by time:
     D:5: 1854 daAuts
     D:7: 1774 daAuts
     D:2: 1437 daAuts
     D:4: 1124 daAuts
     D:3: 741 daAuts
     D:1: 708 daAuts
     D:6: 314 daAuts
     D:8: 163 daAuts
